 Dungeon Crawl Stone Soup version 0.31.0-11-ge490571c62 (webtiles) character file.

Game seed: 15890454285703569060

225 Daunt the Digger (level 6, 0/32 HPs)
             Began as a Gargoyle Earth Elementalist on Feb 1, 2024.
             Slain by Duvessa
             ... wielding a +0 short sword
              (15 damage)
             ... on level 4 of the Dungeon.
             The game lasted 00:07:07 (3015 turns).

Daunt the Digger (Gargoyle Earth Elementalist)      Turns: 3015, Time: 00:07:08

Health: 0/32       AC:  7    Str: 12    XL:     6   Next: 1%
Magic:  4/11       EV: 11    Int: 17    God:
Gold:   171        SH:  0    Dex: 10    Spells: 11/12 levels left

rFire   . . .        i - +4 short sword
rCold   + . .        (no shield)
rNeg    + . .        h - +0 leather armour
rPois   ∞            (no helmet)
rElec   +            (no cloak)
rCorr   .            (no gloves)
SInv    .            (no boots)
Will    .....        (no amulet)
Stlth   ++           m - ring of flight
HPRegen 0.25/turn    C - ring of protection from cold
MPRegen 0.12/turn

%: no passive effects
@: flying
A: sickness immunity, AC +4, negative energy resistance 1, electricity
resistance, torment resistance 1, petrification resistance
a: no special abilities


You were on level 4 of the Dungeon.
You visited 1 branch of the dungeon, and saw 4 of its levels.

You collected 171 gold pieces.

Inventory:

Hand Weapons
 f - a +0 short sword
 i - a +4 short sword (weapon)
 w - a +2 mace of holy wrath
Missiles
 c - 42 stones
 p - 3 poisoned darts
Armour
 a - a +0 robe
 h - a +0 leather armour (worn)
Jewellery
 m - a ring of flight (left hand)
 t - an amulet of faith
 C - a ring of protection from cold (right hand)
Wands
 v - a wand of charming (11)
 x - a wand of flame (7)
Scrolls
 d - a scroll of fog {unknown}
 g - a scroll of vulnerability {unknown}
 j - a scroll of poison {unknown}
 o - 7 scrolls of identify {unknown}
 s - a scroll of revelation {unknown}
 u - a scroll of teleportation {unknown}
Potions
 b - a potion of magic
 e - a potion of curing {unknown}
 k - 2 potions of haste {unknown}
 l - a potion of invisibility {unknown}
 n - a potion of attraction {unknown}
 q - 3 potions of mutation {unknown}
 r - a potion of ambrosia {unknown}


   Skills:
 - Level 1.5 Dodging
 - Level 2.1 Stealth
 + Level 3.5 Spellcasting
 - Level 1.1 Conjurations
 * Level 6.7 Earth Magic


You had 11 spell levels left.
You knew the following spells:

 Your Spells              Type           Power      Damage    Failure   Level
a - Sandblast             Erth           50%        2d12      1%          1

Your spell library contained the following spells:

 Spells                   Type           Power      Damage    Failure   Level
 Passwall                 Erth           25%        N/A       4%          3
 Stone Arrow              Conj/Erth      32%        3d9       13%         3
 Foxfire                  Conj/Fire      16%        2x1d4     17%         1
 Jinxbite                 Hex            6%         N/A       32%         2
 Brom's Barrelling Bould  Conj/Erth      16%        2d4       38%         4
 Petrify                  Alch/Erth      14%        N/A       47%         4
 Yara's Violent Unravell  Hex/Alch       1%         3d3       99%         5
 Plasma Beam              Fire/Air       1%         2x1d11    100%        6
 Starburst                Conj/Fire      2%         6d3       100%        6
 Enfeeble                 Hex            1%         N/A       100%        7


Dungeon Overview and Level Annotations

Branches:
Dungeon (4/15)
 Temple: D:4-7

Altars:

Annotations:
D:4 Duvessa


Innate Abilities, Weirdness & Mutations

You are immune to sickness and miasma.
Your stone body is resilient. (AC +4)
You are immune to poison.
You resist negative energy. (rN+)
You are resistant to electric shocks. (rElec)
You are resistant to unholy torment.
You are immune to petrification.


Message History

You hit the jelly.
You kill the jelly!
You start resting.
Magic restored.
Dowan, Brother of Duvessa comes into view.
He is wielding a +0 dagger.
Dowan shouts!
Unknown command.
The blast of sand hits Dowan!
Dowan is heavily wounded.
Duvessa, Sister of Dowan comes into view.
She is wielding a +0 short sword.
The blast of sand hits Dowan!!
You kill Dowan!
Duvessa screams, "No!
How DARE you!"
Duvessa goes berserk!
You have reached level 6!
Unknown command.
Unknown command.
The blast of sand hits Duvessa but does no damage.
A hobgoblin comes into view.
The blast of sand hits Duvessa.
Duvessa is lightly wounded.
The hobgoblin shouts!
Duvessa hits you with a +0 short sword! Duvessa hits you with a +0 short sword.
The blast of sand hits Duvessa but does no damage.
Duvessa is lightly wounded.
Duvessa hits you with a +0 short sword. Duvessa barely misses you.
Duvessa hits you but does no damage.
The blast of sand hits Duvessa but does no damage.
Duvessa is lightly wounded.
Duvessa hits you with a +0 short sword. Duvessa closely misses you.
You are too injured to fight recklessly!
Casting: Sandblast (safe; 1% risk of failure)
Confirm with . or Enter, or press ? or * to list all spells.
Aiming: Sandblast (safe; 1% risk of failure)
Press: ? - help, Shift-Dir - straight line, f/p - Duvessa
Aim: Duvessa, wielding a +0 short sword and wearing a +0 ring mail (lightly wounded, berserk, 87% to hit)
The blast of sand hits Duvessa.
Duvessa is lightly wounded.
Duvessa hits you with a +0 short sword!
You die...

##...# ##..#
### ####
##.###
..#..###
#####..# .. #
##..#
#####.... #
##..##
##.eg.....
###..## #.@#
....## #..#
...## ##.##
##### ..##
##.## ###....
...## ##.##
#...... ....##
##.###
##......
.....#########
##..# #.....<.
##......##...#
#..# #.......
###.........#
##..# #.......


You could see Duvessa (berserk) and a hobgoblin.

Vanquished Creatures
  Dowan (D:4)
  A jelly (D:4)
  An iguana (D:4)
  An orc wizard (D:3)
  An adder (D:2)
  A ribbon worm (D:2)
  5 orcs (D:3)
  14 ball pythons
  A bat (D:1)
  4 endoplasms
  4 giant cockroaches (D:2)
  5 goblins
  8 hobgoblins
  10 jackals
  5 kobolds
  A quokka (D:1)
  5 frilled lizards
  9 rats
77 creatures vanquished.

Notes
Turn   | Place    | Note
-------+----------+-------------------------------------------
     0 | D:1      | Daunt the Gargoyle Earth Elementalist began the quest for
                  | the Orb.
     0 | D:1      | Reached XP level 1. HP: 10/10 MP: 3/3
   201 | D:1      | Reached skill level 4 in Earth Magic
   204 | D:1      | Reached XP level 2. HP: 15/15 MP: 0/5
   837 | D:2      | Reached XP level 3. HP: 19/19 MP: 4/6
  1377 | D:2      | Reached skill level 5 in Earth Magic
  1539 | D:2      | Reached XP level 4. HP: 24/24 MP: 4/8
  2234 | D:3      | Reached XP level 5. HP: 28/28 MP: 4/9
  2487 | D:4      | Reached skill level 6 in Earth Magic
  3008 | D:4      | Noticed Dowan
  3009 | D:4      | Noticed Duvessa
  3010 | D:4      | Killed Dowan
  3011 | D:4      | Reached XP level 6. HP: 32/32 MP: 8/11
  3015 | D:4      | Slain by Duvessa

Illustrated notes

Levels and vault maps discovered:
D:1:      sevenhm_arrival_forest_fort_small_5, layout_rooms
D:2:      wad_lake_hut, layout_basic, hex_tiny
D:3:      layout_rooms
D:4:      layout_layer_cave, lightli_minifort, uniq_duvessa

Skill      XL: |  1  2  3  4  5 |
---------------+----------------+-----
Earth Magic    | 4 5 6 |  6.7
Spellcasting   | 3 |  3.5
Dodging        | |  1.5
Stealth        | |  2.1
Conjurations   | |  1.1

Action                     |  1- 3 |  4- 6 || total
---------------------------+-------+-------++-------
  Melee: Short sword       |    13 |    12 ||    25
         Punch             |       |     1 ||     1
   Cast: Sandblast         |    56 |    47 ||   103
 Armour: Robe              |     5 |       ||     5
         Leather armour    |    12 |    20 ||    32
  Dodge: Dodged            |    20 |    21 ||    41
